 Dungeon Crawl Stone Soup version 0.29.0-4-gdea44cf6ec (webtiles) character file.

Game seed: 13050749906812428197

139 qw the Chopper (level 5, 0/30 HPs)
             Began as a Tengu Warper on Aug 28, 2022.
             Slain by Sigmund
             ... wielding a +0 scythe
              (7 damage)
             ... on level 3 of the Dungeon.
             The game lasted 00:00:18 (2106 turns).

qw the Chopper (Tengu Warper)                       Turns: 2106, Time: 00:00:19

Health: 0/30       AC:  6    Str: 14    XL:     5   Next: 22%
Magic:  9/9        EV: 13    Int: 16    God:
Gold:   88         SH:  5    Dex: 20    Spells: 8/8 levels left

rFire   . . .      SeeInvis .   Y - +1 hand axe
rCold   . . .      Faith    .   j - +0 buckler
rNeg    . . .      Spirit   .   l - +1 ring mail "Qeum" {rElec Int+3 Dex+7}
rPois   +          Reflect  .   (helmet restricted)
rElec   +          Harm     .   (no cloak)
rCorr   .          Rampage  .   (no gloves)
Will    .....                   (boots unavailable)
Stlth   +.........              (no amulet)
HPRegen 0.10/turn               (no ring)
MPRegen 0.11/turn               (no ring)

@: about to teleport, flying quickly and evasively, quick
A: beak, talons 3, nimble flight, mutation resistance 1, poison resistance,
MP-powered wands
a: no special abilities


You were on level 3 of the Dungeon.
You visited 1 branch of the dungeon, and saw 3 of its levels.

You collected 88 gold pieces.


Innate Abilities, Weirdness & Mutations

You have a beak for a mouth.
You have claws for feet.
Your magical nature lets you fly swiftly and evasively.
You are somewhat resistant to further mutation.
Your system is resistant to poisons. (rPois)
You expend magic power (3 MP) to strengthen your wands.


   Skills:
 - Level 2.0 Fighting
 + Level 5.5 Axes
 - Level 1.0 Throwing
 - Level 1.1 Armour
 - Level 2.1 Dodging
 - Level 1.0 Shields
 - Level 2.0 Spellcasting
 - Level 2.4 Translocations


You had 8 spell levels left.
You didn't know any spells.
Your spell library contained the following spells:

 Spells                   Type           Power      Damage    Failure   Level
 Blink                    Tloc           18%        N/A       32%         2
 Gell's Gravitas          Tloc           9%         N/A       54%         3
 Lesser Beckoning         Tloc           9%         N/A       54%         3
 Teleport Other           Tloc           9%         N/A       54%         3
 Manifold Assault         Tloc           9%         N/A       99%         5

Inventory:

Hand Weapons
 g - a +0 mace
 Y - a +1 hand axe (weapon)
Armour
 j - a +0 buckler (worn)
 l - the +1 ring mail "Qeum" (worn) {rElec Int+3 Dex+7}
   (You found it on level 2 of the Dungeon)

   Int:       It affects your intelligence (+3).
   Dex:       It affects your dexterity (+7).
   rElec:     It insulates you from electricity.
Scrolls
 b - a scroll of teleportation
Potions
 a - a potion of brilliance {unknown}
 c - a potion of flight {unknown}
 f - a potion of mutation
 i - a potion of curing {unknown}

Dungeon Overview and Level Annotations

Branches:
Dungeon (3/15)

Altars:

Annotations:
D:3 Sigmund


Message History

The kobold throws a stone.
The stone hits you but does no damage.
You hit the orc. You claw the orc, but do no damage.
The orc is lightly wounded.
The orc hits you but does no damage.
Sigmund the Dreaded comes into view.
He is wielding a +0 scythe.
Sigmund shouts!
You hit the orc but do no damage. You claw the orc, but do no damage.
The orc hits you but does no damage.
The kobold throws a stone.
The stone barely misses you.
You hit the orc but do no damage. You claw the orc.
The orc is heavily wounded.
The kobold throws a stone.
The stone closely misses you. The orc hits you with a +0 hand axe.
You hit the orc but do no damage. Your peck misses the orc.
The orc is heavily wounded.
The kobold throws a stone.
The stone hits you but does no damage. The orc misses you.
You hit the orc but do no damage. You claw the orc, but do no damage.
You peck the orc, but do no damage.
The orc is heavily wounded.
The orc closely misses you.
Sigmund is suddenly surrounded by pale green light.
Sigmund hits you but does no damage.
You barely miss the orc. You claw the orc.
The orc is heavily wounded.
You closely miss the kobold. The kobold hits you with a +0 whip.
The orc hits you with a +0 hand axe.
Sigmund's eyes start glowing with a red light.
Sigmund misses you.
2105 ||| READING 2 scrolls of teleportation.
As you read the scroll of teleportation, it crumbles to dust.
You feel strangely unstable. The kobold barely misses you.
The orc completely misses you.
You hit the orc but do no damage. You claw the orc, but do no damage.
The orc is heavily wounded.
You hit the kobold.
You kill the kobold!
You block the orc's attack.
Sigmund hits you from afar with a +0 scythe!
You die...

#. ## ##.###..
.. #......#
..# #......#
...#
#......###...#
#.............
#......@......
#....@).......
##.###o###...
#.>o...#
######.# ....
#.#..# .#.#.#
. . .# . .# #


You could see Sigmund and an orc.

Vanquished Creatures
  A kobold brigand (D:3)
  Robin (D:2)
  A worm (D:2)
  2 dart slugs (D:1)
  5 ball pythons
  A giant cockroach (D:2)
  10 goblins
  8 hobgoblins
  2 jackals (D:2)
  6 kobolds
  A quokka (D:2)
  4 bats
  5 frilled lizards
  7 rats
54 creatures vanquished.

Notes
Turn   | Place    | Note
-------+----------+-------------------------------------------
     0 | D:1      | qw the Tengu Warper began the quest for the Orb.
     0 | D:1      | Reached XP level 1. HP: 12/12 MP: 4/4
     0 | D:1      | 0 ||| qw: Version: 0.1-a-89-g26bdef1
     0 | D:1      | 0 ||| qw: Game counter: 3171
     0 | D:1      | 0 ||| qw: Always use a shield: true
     0 | D:1      | 0 ||| qw: God list: Okawaru
     0 | D:1      | 0 ||| qw: Allow faded altars: false
     0 | D:1      | 0 ||| qw: Do Orc after D:15 true
     0 | D:1      | 0 ||| qw: Do second Lair branch before Depths: true
     0 | D:1      | 0 ||| qw: Lair rune preference: random
     0 | D:1      | 0 ||| qw: Plans: Normal
     0 | D:1      | 0 ||| PLANNING D:1-11
    55 | D:1      | 55 ||| Stepping ~*~*~tactically~*~*~ (stealth).
    65 | D:1      | Reached XP level 2. HP: 10/17 MP: 6/6
    66 | D:1      | Reached skill level 3 in Axes
   560 | D:1      | 560 ||| Stepping ~*~*~tactically~*~*~ (stealth).
   589 | D:1      | 589 ||| Stepping ~*~*~tactically~*~*~ (stealth).
   648 | D:1      | 648 ||| Stepping ~*~*~tactically~*~*~ (hiding).
   763 | D:1      | Reached XP level 3. HP: 21/21 MP: 7/7
   950 | D:1      | 950 ||| UPGRADING to +0 buckler.
   955 | D:1      | 955 ||| UPGRADING to +0 ring mail.
   965 | D:1      | 965 ||| DROPPING +0 leather armour.
   966 | D:1      | 966 ||| READING scroll labelled COD TAMAXARYE.
   967 | D:1      | 967 ||| READING scroll labelled GAGAIVVO VUIM.
   972 | D:1      | 972 ||| READING scroll labelled BOIRPH GEGEYSCH.
   973 | D:1      | 973 ||| DRINKING 2 orange potions.
   973 | D:1      | Gained mutation: Your system is resistant to poisons.
                  | (rPois) [potion of mutation]
   973 | D:1      | Gained mutation: You expend magic power (3 MP) to
                  | strengthen your wands. [potion of mutation]
   973 | D:1      | Gained mutation: You are somewhat resistant to further
                  | mutation. [potion of mutation]
   974 | D:1      | 974 ||| DROPPING scroll of blinking.
  1001 | D:2      | 1001 ||| Stepping ~*~*~tactically~*~*~ (stealth).
  1097 | D:2      | Found a faded altar of an unknown god.
  1114 | D:2      | Reached skill level 1 in Shields
  1484 | D:2      | Identified the +1 ring mail "Qeum" {rElec Int+3 Dex+7}
  1713 | D:2      | Reached skill level 4 in Axes
  1740 | D:2      | 1740 ||| UPGRADING to +1 ring mail "Qeum" {rElec Int+3
                  | Dex+7}.
  1750 | D:2      | 1750 ||| DROPPING +0 ring mail.
  1751 | D:2      | 1751 ||| READING scroll labelled ERHISS ATSOIR.
  1752 | D:2      | 1752 ||| READING scroll labelled YCZARR LATZOI.
  1753 | D:2      | 1753 ||| READING scroll labelled HAOLUN IR JOIL.
  1754 | D:2      | 1754 ||| READING scroll labelled IGAYWO LUYNU LASACH.
  1755 | D:2      | 1755 ||| READING scroll labelled IFYUVO QUUSSA.
  1756 | D:2      | 1756 ||| READING scroll labelled BAJ CISTANO.
  1757 | D:2      | 1757 ||| DRINKING 2 glowing dark potions.
  1758 | D:2      | 1758 ||| DROPPING potion of attraction.
  1761 | D:3      | Noticed Robin
  1762 | D:3      | 1762 ||| STAIRDANCE
  1769 | D:3      | 1769 ||| STAIRDANCE
  1870 | D:3      | 1870 ||| STAIRDANCE
  1877 | D:2      | Killed Robin
  1878 | D:2      | Reached XP level 4. HP: 24/26 MP: 8/8
  1961 | D:3      | Found the +7 Throatcutter {drain, coup de grace}
  1961 | D:3      | Noticed a kobold brigand
  1978 | D:3      | HP: 5/26 [kobold brigand/+0 club (4)]
  1979 | D:3      | 1979 ||| READING 3 scrolls of teleportation.
  1980 | D:3      | HP: 2/26 [kobold brigand/+0 club (4)]
  1983 | D:3      | Killed a kobold brigand
  1984 | D:3      | Reached skill level 5 in Axes
  1984 | D:3      | Gained mutation: Your magical nature lets you fly swiftly
                  | and evasively. [Tengu growth]
  1984 | D:3      | Reached XP level 5. HP: 2/30 MP: 9/9
  1993 | D:3      | 1993 ||| Stepping ~*~*~tactically~*~*~ (stealth).
  2020 | D:3      | 2020 ||| Stepping ~*~*~tactically~*~*~ (stealth).
  2033 | D:3      | 2033 ||| Stepping ~*~*~tactically~*~*~ (stealth).
  2046 | D:3      | 2046 ||| Stepping ~*~*~tactically~*~*~ (stealth).
  2047 | D:3      | 2047 ||| Stepping ~*~*~tactically~*~*~ (stealth).
  2048 | D:3      | 2048 ||| Stepping ~*~*~tactically~*~*~ (stealth).
  2049 | D:3      | 2049 ||| Stepping ~*~*~tactically~*~*~ (stealth).
  2062 | D:3      | 2062 ||| Stepping ~*~*~tactically~*~*~ (stealth).
  2065 | D:3      | 2065 ||| Stepping ~*~*~tactically~*~*~ (stealth).
  2087 | D:3      | 2087 ||| Stepping ~*~*~tactically~*~*~ (stealth).
  2090 | D:3      | 2090 ||| Stepping ~*~*~tactically~*~*~ (stealth).
  2092 | D:3      | 2092 ||| Stepping ~*~*~tactically~*~*~ (stealth).
  2093 | D:3      | 2093 ||| Stepping ~*~*~tactically~*~*~ (stealth).
  2099 | D:3      | Noticed Sigmund
  2104 | D:3      | HP: 7/30 [orc/+0 hand axe (3)]
  2105 | D:3      | 2105 ||| READING 2 scrolls of teleportation.
  2106 | D:3      | Slain by Sigmund

Levels and vault maps discovered:
D:1:      minmay_arrival_cross, layout_rooms, minmay_pentomino_x2
D:2:      layout_loops_cross, hellmonk_ecumenical_altar_lost_god
D:3:      layout_basic, nemelex_spade_bored_becter, mainiacjoe_overflow_catwalk,
          gammafunk_ghost_nasty_kobolds, st_stairs_12, kennysheep_nub,
          minmay_misc_feat_cross, solitary_fountain, hangedman_feature_mirror,
          dilly_guarded_unrand_throatcut, uniq_robin, uniq_natasha, uniq_sigmund

Skill      XL: |  1  2  3  4 |
---------------+-------------+-----
Axes           | 3 4 5 |  5.5
Shields        | 1 |  1.0
Fighting       | |  2.0
Throwing       | |  1.0
Armour         | |  1.1
Dodging        | |  2.1
Spellcasting   | |  2.0
Translocations | |  2.4

Action                   |  1- 3 |  4- 6 || total
-------------------------+-------+-------++-------
Melee: Hand axe          |    81 |    34 ||   115
       Kick              |    23 |    10 ||    33
       Peck              |     7 |     4 ||    11
Throw: Boomerang         |     7 |       ||     7
  Use: Scroll            |     9 |     2 ||    11
       Potion            |     2 |       ||     2
Armor: Leather armour    |     9 |       ||     9
       Ring mail         |    32 |    10 ||    42
Dodge: Dodged            |    44 |    16 ||    60
Block: Buckler           |    13 |     6 ||    19

Table legend:
 A = Non-vault XP
 B = Vault XP
 C = Vault XP percentage of total XP
 D = Non-vault monster count
 E = Vault monster count
 F = Vault count percentage of total count
                 A         B        C        D         E       F
            +---------+---------+-------+---------+---------+-------
      Total |      61 |     139 |  69.5 |      35 |      19 |  35.2
            +---------+---------+-------+---------+---------+-------
        D:1 |      34 |       2 |   5.6 |      20 |       1 |   4.8
        D:2 |      26 |      32 |  55.2 |      14 |      11 |  44.0
        D:3 |       1 |     105 |  99.1 |       1 |       7 |  87.5
            +---------+---------+-------+---------+---------+-------
